 Dungeon Crawl Stone Soup version 0.29.1-12-g30fa7ad0bf (webtiles) character file.

Game seed: 4896175442445868325

127 concernfroge the Trooper (level 4, -3/40 HPs)
             Began as a Mummy Monk on Dec 18, 2022.
             Slain by a vampire mosquito (5 damage)
             ... on level 6 of the Dungeon.
             The game lasted 00:06:59 (2673 turns).

concernfroge the Trooper (Mummy Monk)               Turns: 2673, Time: 00:07:00

Health: -3/40      AC: 10    Str: 16    XL:     4   Next: 85%
Magic:  4/4        EV: 10    Int:  9    God:
Gold:   116        SH:  0    Dex: 14    Spells: 3/3 levels left

rFire   x . .      SeeInvis .   h - +0 war axe (venom)
rCold   + + .      Faith    .   (no shield)
rNeg    + + +      Spirit   .   j - +0 scale mail
rPois   ∞          Reflect  .   (no helmet)
rElec   .          Harm     .   (no cloak)
rCorr   .          Rampage  .   b - +1 pair of gloves
Will    .....                   k - +1 pair of boots
Stlth   ..........              (no amulet)
HPRegen 0.13/turn               c - ring of protection from cold
MPRegen 0.09/turn               (no ring)

@: no status effects
A: cold resistance 1, negative energy resistance 3, torment resistance 2, heat
vulnerability 1, in touch with death 1, no potions
a: no special abilities


You were on level 6 of the Dungeon.
You visited 1 branch of the dungeon, and saw 6 of its levels.

You collected 116 gold pieces.

Inventory:

Hand Weapons
 h - a +0 war axe of venom (weapon)
Missiles
 a - 9 poisoned darts (quivered)
 d - 18 stones
Armour
 b - a +1 pair of gloves (worn)
 j - a +0 scale mail (worn)
 k - a +1 pair of boots (worn)
Jewellery
 c - a ring of protection from cold (left hand)


   Skills:
 + Level 5.6 Fighting
 - Level 2.4 Polearms
 - Level 2.4 Dodging
 - Level 1.5 Stealth


You had 3 spell levels left.
You didn't know any spells.
Your spell library contained the following spells:

 Spells                   Type           Power      Damage    Failure   Level
 Magic Dart               Conj           0%         1d3       83%         1
 Call Imp                 Summ           0%         N/A       93%         2
 Dazzling Flash           Conj/Hex       0%         N/A       99%         3
 Gell's Gravitas          Tloc           0%         N/A       99%         3
 Mephitic Cloud           Conj/Pois/Air  0%         N/A       99%         3
 Teleport Other           Tloc           0%         N/A       99%         3
 Tukima's Dance           Hex            0%         N/A       99%         3
 Iskenderun's Mystic Bla  Conj/Tloc      0%         2d3       100%        4
 Passage of Golubria      Tloc           0%         N/A       100%        4
 Yara's Violent Unravell  Hex/Tmut       0%         3d3       100%        5
 Dispersal                Tloc           0%         N/A       100%        6
 Starburst                Conj/Fire      0%         6d3       100%        6


Dungeon Overview and Level Annotations

Branches:
Dungeon (6/15)             Temple (0/1) D:6

Altars:

Annotations:
D:3 Sigmund, Terence
D:6 Eustachio


Innate Abilities, Weirdness & Mutations

You are immune to poison.
Your flesh is cold resistant. (rC+)
You are immune to negative energy. (rN+++)
You are immune to unholy pain and torment.
You are vulnerable to heat. (rF-)
You are in touch with the powers of death.
You do not drink.


Message History

The vampire mosquito barely misses you.
The vampire mosquito closely misses you.
The vampire mosquito barely misses you. The vampire mosquito bites you.
The vampire mosquito bites you but does no damage.
The vampire mosquito attacks as you move away!
The vampire mosquito bites you!
The vampire mosquito barely misses you. x2
The vampire mosquito attacks as you move away!
The vampire mosquito bites you but does no damage.
The vampire mosquito attacks as you move away!
The vampire mosquito bites you but does no damage.
The vampire mosquito closely misses you.
The vampire mosquito attacks as you move away!
The vampire mosquito closely misses you.
Found 8 stones.
The vampire mosquito barely misses you.
The vampire mosquito attacks as you move away!
The vampire mosquito completely misses you.
The vampire mosquito attacks as you move away!
The vampire mosquito misses you.
The vampire mosquito bites you but does no damage.
The vampire mosquito bites you!
* * * LOW HITPOINT WARNING * * *
The vampire mosquito bites you.
* * * LOW HITPOINT WARNING * * *
Found a staircase to the Ecumenical Temple.
The vampire mosquito bites you but does no damage.
The vampire mosquito closely misses you.
The vampire mosquito closely misses you.
The vampire mosquito barely misses you.
The vampire mosquito attacks as you move away!
The vampire mosquito closely misses you.
Eustachio and a scorpion come into view.
Eustachio is wielding a +4 falchion of protection.
Eustachio shouts!
You hear a shout! x2
The vampire mosquito bites you.
* * * LOW HITPOINT WARNING * * *
An orc wizard comes into view. It is wielding a +0 dagger.
The vampire mosquito closely misses you.
The vampire mosquito attacks as you move away!
The vampire mosquito bites you.
You die...

#.#......#......# .
#.#......##.....#
.##.#......##.#...
...........##.#.#
#........##...#
#..(...Sy.s...#
##.......####.######
#..y.s..## #..s.s.#
#.@ys.y.....y.[.SsS
.............###########
.........#####
b........# ..........
...>......# .s@.......#
#.o..#....# #. .#


You could see Eustachio, 4 vampire mosquitoes, 4 scorpions, an orc wizard
(wandering) and an adder.

Vanquished Creatures
  2 hounds
  3 dart slugs
  8 endoplasms
  2 giant cockroaches (D:1)
  6 goblins
  8 hobgoblins
  3 quokkas
  A ball python (D:3)
  5 bats
  4 frilled lizards
  6 kobolds
  4 rats
52 creatures vanquished.

Vanquished Creatures (others)
  6 fungi (D:6)
  A plant (D:6)
7 creatures vanquished.

Grand Total: 59 creatures vanquished

Notes
Turn   | Place    | Note
-------+----------+-------------------------------------------
     0 | D:1      | concernfroge the Mummy Monk began the quest for the Orb.
     0 | D:1      | Reached XP level 1. HP: 18/18 MP: 1/1
   187 | D:1      | Reached XP level 2. HP: 24/24 MP: 2/2
   413 | D:1      | Reached skill level 4 in Fighting
   862 | D:2      | Found a faded altar of an unknown god.
   905 | D:2      | Gained mutation: You are in touch with the powers of death.
                  | [Mummy growth]
   905 | D:2      | Reached XP level 3. HP: 30/30 MP: 3/3
  1992 | D:3      | Noticed Terence
  1992 | D:3      | Noticed Sigmund
  2232 | D:4      | You fall into a shaft and drop 1 floor!
  2232 | D:5      | Entered Level 5 of the Dungeon
  2261 | D:5      | Reached skill level 5 in Fighting
  2261 | D:5      | Reached XP level 4. HP: 17/39 MP: 4/4
  2477 | D:5      | Noticed an ogre
  2521 | D:5      | Noticed an orc warrior
  2629 | D:6      | Noticed a vampire mosquito
  2638 | D:6      | Noticed a centaur
  2646 | D:6      | Noticed a vampire mosquito
  2646 | D:6      | Noticed a vampire mosquito
  2646 | D:6      | Noticed a vampire mosquito
  2646 | D:6      | Noticed a scorpion
  2646 | D:6      | Noticed a scorpion
  2647 | D:6      | Noticed a scorpion
  2670 | D:6      | Found a staircase to the Ecumenical Temple.
  2672 | D:6      | Noticed Eustachio
  2672 | D:6      | Noticed a scorpion
  2672 | D:6      | HP: 2/40 [vampire mosquito (3)]
  2673 | D:6      | Slain by a vampire mosquito

Illustrated notes

Levels and vault maps discovered:
D:1:      minmay_arrival_stair_chambers, layout_basic, hangedman_decor_riveting
D:2:      layout_loops_ring, shapermc_ecumenical_altar_starsandcircs
D:3:      layout_rooms, eino_tiny_chamber, minmay_misc_feat_more_columns,
          uniq_terence, uniq_sigmund
D:4:      layout_rooms, minivault_19, uniq_grinder
D:5:      layout_basic, tso_altar, uniq_crazy_yiuf_cottage
D:6:      old_forge, layout_basic, minmay_temple_entry_butterflies,
          portal_sewer_entry_e, uniq_eustachio

Skill      XL: |  1  2  3 |
---------------+----------+-----
Fighting       | 4 5 |  5.6
Polearms       | |  2.4
Dodging        | |  2.4
Stealth        | |  1.5

Action                   |  1- 3 |  4- 6 || total
-------------------------+-------+-------++-------
Melee: Spear             |    70 |       ||    70
       War axe           |    86 |     4 ||    90
       Punch             |     1 |       ||     1
Throw: Stone             |    13 |       ||    13
       Dart              |     2 |       ||     2
  Use: Scroll            |     5 |     3 ||     8
 Stab: Sleeping          |     5 |       ||     5
Armor: Leather armour    |    34 |       ||    34
       Robe              |     1 |       ||     1
       Scale mail        |     8 |    16 ||    24
Dodge: Dodged            |    81 |    29 ||   110
